 Dungeon Crawl Stone Soup version 0.24-a0-769-g368c164 (webtiles) character file.

Game seed: 12327609871337693421, levelgen mode: deterministic

2413600 stealthycow the Invulnerable (level 27, 231/245 HPs)
             Began as a Minotaur Berserker on Oct 5, 2019.
             Was a High Priest of Trog.
             Escaped with the Orb
             ... and 4 runes!
             The game lasted 03:07:49 (74118 turns).

stealthycow the Invulnerable (Minotaur Berserker)  Turns: 74118, Time: 03:07:49

Health: 231/245    AC: 51    Str: 40      XL:     27
Magic:  29/29      EV: 23    Int:  4      God:    Trog [*****.]
Gold:   5195       SH: 39    Dex: 19 (20) Spells: 26/26 levels left

rFire    + + .     SeeInvis .   b - +9 broad axe (vamp)
rCold    + . .     Gourm    .   W - +10 large shield of Ignorance {rN+ Int-4}
rNeg     + + .     Faith    .   y - +7 crystal plate armour
rPois    +         Spirit   +   (helmet unavailable)
rElec    +         Reflect  .   I - +2 cloak {rC+}
rCorr    +         Harm     .   f - +2 pair of gloves "Qipsutt" {-Cast rF+ rCorr Dex+3}
MR       +++++     NoCast   +   Y - +3 pair of boots of the Ecumenical Temple {*Corrode Str+9}
Stlth    ..........             A - amulet of Ruxasum {Spirit MR+++ MP-9 Slay+3}
HPRegen  0.50/turn              B - ring of Dim Light {Wiz rElec rF+ Dex+2}
MPRegen  0.21/turn              J - ring "Higiafadd" {+Inv rPois rN+ Int+4 Dex+3, =R}

@: no status effects
A: retaliatory headbutt, beak, horns 3, blurry vision 2, deterioration 1, dopey
1, frail 1, screaming 1, no potion heal 1, subdued magic 1
0: Orb of Zot
}: 4/15 runes: decaying, serpentine, slimy, silver
a: Berserk, Trog's Hand, Brothers in Arms, Renounce Religion, Evoke Invisibility


You escaped.
You worshipped Trog.
Trog was extremely pleased with you.
You were not hungry.

You visited 11 branches of the dungeon, and saw 57 of its levels.
You also visited: Ice Cave and Wizlab.

You collected 10109 gold pieces.
You spent 4914 gold pieces at shops.

Inventory:

Hand Weapons
 a - a +9 broad axe of electrocution
 b - a +9 vampiric broad axe (weapon)
Missiles
 h - 7 throwing nets (quivered)
Armour
 f - the +2 pair of gloves "Qipsutt" (worn) {-Cast rF+ rCorr Dex+3}
   (You found it on level 3 of the Realm of Zot)

   It affects your dexterity (+3).
   It protects you from fire.
   It prevents spellcasting.
   It provides partial protection from all sources of acid and corrosion.
 y - a +7 crystal plate armour (worn)
 I - a +2 cloak of cold resistance (worn)
 M - a +1 cloak of magic resistance
 W - the +10 large shield of Ignorance (worn) {rN+ Int-4}
   (You acquired it on level 4 of the Snake Pit)

   It affects your intelligence (-4).
   It protects you from negative energy.
 Y - the +3 pair of boots of the Ecumenical Temple (worn) {*Corrode Str+9}
   (You acquired it on level 3 of the Vaults)

   It affects your strength (+9).
   It may corrode you when you take damage.
Jewellery
 n - a +5 ring of slaying
 A - the amulet of Ruxasum (around neck) {Spirit MR+++ MP-9 Slay+3}
   (You found it on level 13 of the Dungeon)

   [amulet of guardian spirit]

   It causes incoming damage to be split between your health and magic.
   It affects your accuracy and damage with ranged weapons and melee attacks
   (+3).
   It affects your resistance to hostile enchantments.
   It affects your magic capacity (-9).
 B - the ring of Dim Light (left hand) {Wiz rElec rF+ Dex+2}
   (You bought it in a shop on level 2 of the Snake Pit)

   [ring of wizardry]

   It improves your spell success rate.
   It affects your dexterity (+2).
   It protects you from fire.
   It insulates you from electricity.
 J - the ring "Higiafadd" (right hand) {+Inv rPois rN+ Int+4 Dex+3, =R}
   (You found it on level 1 of the Lair of Beasts)

   [ring of dexterity]

   It affects your intelligence (+4).
   It affects your dexterity (+3).
   It protects you from poison.
   It protects you from negative energy.
   It lets you turn invisible.
 Q - an uncursed ring of resist corrosion
 V - an uncursed ring of see invisible
Wands
 g - a wand of iceblast (72)
 C - a wand of paralysis (26)
 E - a wand of acid (51)
 H - a wand of digging (33)
 K - a wand of enslavement (36)
 N - a wand of clouds (7)
Scrolls
 d - 8 scrolls of blinking
 e - 14 scrolls of remove curse
 q - 6 scrolls of fog
 s - 5 scrolls of immolation
 t - a scroll of silence
 O - 3 scrolls of magic mapping
 P - 9 scrolls of fear
 S - 29 scrolls of teleportation
 U - 30 scrolls of identify
Potions
 i - 3 potions of agility
 k - 5 potions of heal wounds
 l - 10 potions of flight
 o - 4 potions of ambrosia
 p - 2 potions of mutation
 r - 30 potions of curing
 u - 8 potions of might
 v - 7 potions of invisibility
 x - 9 potions of cancellation
 D - 6 potions of lignification
 G - 8 potions of haste
 R - 9 potions of resistance
Miscellaneous
 j - a lamp of fire
 z - 7 boxes of beasts
 F - a phial of floods
 L - a lightning rod (4/4)
Comestibles
 c - 74 rations


   Skills:
 O Level 27 Fighting
 - Level 18.0 Axes
 O Level 27 Armour
 + Level 19.3 Dodging
 - Level 25.0 Shields
 + Level 24.1 Evocations


You had 26 spell levels left.
You didn't know any spells.
Your spell library contained the following spells:

 Spells                   Type           Power        Failure   Level  Hunger
 Swiftness                Chrm/Air       #.......     71%         2    ###....
 Airstrike                Air            #.........   99%         4    #####..
 Lightning Bolt           Conj/Air       #.........   100%        5    ######.
 Conjure Ball Lightning   Conj/Air       #.........   100%        6    #######


Dungeon Overview and Level Annotations

Branches:
Dungeon (15/15)            Temple (0/1) D:6            Lair (6/6) D:8
  Swamp (4/4) Lair:4        Snake (4/4) Lair:3        Slime (5/5) Lair:6
    Orc (2/2) D:12            Elf (3/3) Orc:2        Vaults (5/5) D:14
  Crypt (3/3) Vaults:3       Tomb (0/3) Crypt:3      Depths (5/5) D:15
    Zot (5/5) Depths:5      IceCv (visited)          WizLab (visited)

Altars:
Ashenzari
Elyvilon
Fedhas
Gozag
Hepliaklqana
Kikubaaqudgha
Okawaru
Ru
Sif Muna
Trog
Uskayaw
Vehumet
Wu Jian
Xom
Yredelemnul
Zin
Beogh

Shops:
D:13 (   D:14 [   Orc:2 }[!!=   Snake:1 *=!*   Snake:2 =}=   Snake:4 (?*
Vaults:4 [   Depths:1 **   Depths:2 *}*(   Depths:5 *

Portals:
Hell: Depths:1 Depths:2 Depths:3 Depths:4 Depths:5
Abyss: Depths:4
Pandemonium: Orc:2 Depths:1 Depths:3 Depths:4
Ziggurat: Depths:4

Annotations:
D:5 1 runed translucent door, KarmaKiller's ghost, novice GrFi
D:6 exclusion: goblin
D:9 1 runed translucent door, sangerfol's ghost, journeyman FoFi
Elf:1 1 runed translucent door, Mentat's ghost, adept OpMo


Innate Abilities, Weirdness & Mutations

You reflexively headbutt those who attack you in melee.
You have a pair of large horns on your head.
You have a beak for a mouth.
Scrolls take you longer to read.
Your body sometimes deteriorates upon taking damage.
You are dopey. (Int -2)
You are frail. (-10% HP)
You occasionally shout uncontrollably at your foes.
Potions are less effective at restoring your health.
Your spells are a little easier to cast, but a little less powerful.


Message History

There is a stone staircase leading down here.
There is a stone staircase leading up here.
You climb upwards.
There is a stone staircase leading down here.
There is a stone staircase leading up here.
You climb upwards.
There is a stone staircase leading down here.
There is a stone staircase leading down here.
There is a stone staircase leading up here.
You climb upwards.
There is a stone staircase leading down here.
There is a stone staircase leading down here.
There is a stone staircase leading up here.
You climb upwards.
There is a stone staircase leading down here.
You see here a +2 short sword of protection.
There is a large open door here.
There is an open door here.
There is a staircase leading out of the dungeon here.
You have escaped!

......# #.+..+.# #.#.#.#######
......# ###..######.#.#........
......# #8....8#......#.#######
......#######..###.###.##.#....##
......'...#.+..+.#.#........##.##
......###.###..###.#.#..#...##.##
......# #.#8....8#.#.##.#...##.##
......# #.###..###.#.##...).##.##
......# #.#.'..'@#.#>.......##.##
......# #.###..###.####..>..##.##
###.#####.##8..8##.....)....##.##
#........##''###.######...##.##
###########..#............##.##
#....#########..#...(
####............#####
###########.## # #..........# #


There were no monsters in sight!

Vanquished Creatures
  the Royal Jelly (Slime:5)
  6 orbs of fire
  4 ancient liches
  A pandemonium lord (Depths:4)
  The ghost of Isojele the Slayer, a legendary HOFi of Hepliaklqana (Zot:3)
  A juggernaut (Depths:2)
  5 Killer Klowns
  Saint Roka (Vaults:4)
  2 curse toes
  10 golden dragons
  Nikola (Swamp:1)
  2 electric golems
  2 Brimstone Fiends
  14 tentacled monstrosities
  A Cloud Mage (WizLab)
  6 liches
  2 Ice Fiends
  27 Orb Guardians
  4 titans
  8 quicksilver dragons
  12 acid blobs
  2 deep elf master archers (Elf:3)
  6 death cobs
  2 thorn hunters
  10 sphinxes
  2 deep elf blademasters (Elf:3)
  Agnes (Snake:4)
  5 ancient champions
  13 storm dragons
  The ghost of Gegef the Thaumaturge, an adept GnSk of Yredelemnul (Swamp:1)
  2 revenants (Crypt:1)
  8 tengu reavers
  6 azure jellies
  13 shadow dragons
  14 draconian monks
  5 nagarajas
  The ghost of tbh1313 the Severer, a journeyman MiBe of Trog (Swamp:1)
  4 ghost moths
  11 frost giants
  6 draconian knights
  15 vault wardens
  8 fire giants
  13 draconian scorchers
  A fire giant (shapeshifter) (Elf:2)
  5 deep elf sorcerers
  A balrug (Zot:1)
  An emperor scorpion (shapeshifter) (Zot:1)
  7 iron dragons
  11 draconian shifters
  The ghost of Nutaywnoga the Executioner, a journeyman MiBe of Trog (Swamp:1)
  14 ironheart preservers
  4 deep elf elementalists
  5 draconian stormcallers
  2 curse skulls
  3 reapers (Crypt:3)
  13 very ugly things
  6 ghouls
  3 spriggan defenders
  6 draconian annihilators
  A caustic shrike skeleton (Crypt:2)
  4 war gargoyles (Vaults:5)
  7 vampire knights
  21 stone giants
  7 green draconians
  2 lorocyprocas
  10 deep elf demonologists
  A dire elephant (shapeshifter) (Zot:1)
  Azrael (D:15)
  A black draconian (shapeshifter) (Zot:1)
  7 deep elf annihilators
  16 red draconians
  19 yellow draconians
  10 white draconians
  17 black draconians
  9 purple draconians
  A yellow draconian (shapeshifter) (Zot:1)
  2 spark wasps
  7 blizzard demons
  12 deep elf death magi
  13 eidola
  Snorg (Lair:5)
  3 crystal guardians (Zot:1)
  14 ettins
  2 green deaths
  9 fire dragons
  5 death oozes
  3 deep elf high priests
  21 great orbs of eyes
  16 ogre magi
  A jiangshi (Crypt:1)
  2 mummy priests
  19 naga warriors
  8 rakshasas
  11 yaktaur captains
  19 hydras
  7 ice dragons
  3 shambling mangroves
  29 vault guards
  Erica (D:9)
  2 catoblepae
  6 spriggan air magi
  A ghost crab (Swamp:2)
  36 two-headed ogres
  15 anacondas
  12 centaur warriors
  3 death yaks
  4 death knights
  9 deep troll shamans
  26 dancing weapons
  12 alligators
  9 tengu warriors
  A titan zombie (Crypt:3)
  11 deep troll earth magi
  6 vampire magi
  13 shock serpents
  7 spriggan berserkers
  17 naga sharpshooters
  8 soul eaters
  27 deep elf knights
  17 hell knights
  7 orc high priests
  A storm dragon zombie (Crypt:3)
  2 sixfirhies
  A fire crab (shapeshifter) (Vaults:4)
  3 infernal demonspawn
  6 salamander mystics
  2 shadow wraiths
  21 deep trolls
  An anaconda zombie (Crypt:3)
  A spriggan druid (Swamp:2)
  2 iron trolls (Depths:3)
  A storm dragon skeleton (Vaults:3)
  22 swamp dragons
  A golden dragon zombie (Crypt:1)
  2 ghost moth zombies (Crypt:3)
  4 death drakes (WizLab)
  3 glowing orange brains
  4 unseen horrors
  A shadow demon (Depths:1)
  4 flayed ghosts
  24 skeletal warriors
  7 naga ritualists
  2 gelid demonspawn
  A golden dragon skeleton (Crypt:1)
  A torturous demonspawn (D:10)
  15 phantasmal warriors
  A shadow dragon zombie (Crypt:3)
  A stone giant zombie (Crypt:3)
  16 deep elf archers
  7 wizards
  A harpy (Vaults:3)
  2 lindwurms (shapeshifter)
  22 necromancers
  14 ironbrand convokers
  3 orb spiders (Zot:1)
  45 ugly things
  An anaconda skeleton (Crypt:1)
  4 lindwurms
  A harpy (shapeshifter) (D:14)
  12 orc knights
  A wolf spider zombie (D:14)
  14 mana vipers
  3 wolf spiders
  4 orc sorcerers
  A shining eye (Slime:5)
  9 cyclopes
  4 manticores
  7 salamanders
  46 deep elf magi
  A cyclops (shapeshifter) (Vaults:4)
  23 moths of wrath
  A fire giant zombie (Crypt:1)
  An iron dragon zombie (Crypt:3)
  A manticore (shapeshifter) (Vaults:5)
  A fire giant skeleton (Crypt:3)
  2 eyes of devastation (Slime:5)
  9 elephants
  A shadow dragon skeleton (Crypt:1)
  A black mamba (shapeshifter) (Elf:1)
  10 guardian serpents
  2 rust devils
  A stone giant skeleton (Crypt:3)
  2 apocalypse crabs (WizLab)
  3 smoke demons
  14 vault sentinels
  An ice statue (IceCv)
  28 naga magi
  A water nymph (shapeshifter) (Elf:3)
  An orange demon (Depths:1)
  17 spiny frogs
  49 black mambas
  A spiny frog (shapeshifter) (Vaults:5)
  An iron dragon skeleton (Crypt:3)
  6 torpor snails (Lair:6)
  2 dire elephant skeletons (Crypt:3)
  An emperor scorpion zombie (Crypt:3)
  A gargoyle (D:15)
  4 rime drakes
  14 komodo dragons
  A molten gargoyle (Lair:6)
  2 kobold demonologists (Depths:2)
  41 yaktaurs
  3 golden dragon simulacra (IceCv)
  15 freezing wraiths
  2 anaconda simulacra (IceCv)
  2 red devils (Depths:4)
  2 harpy zombies
  14 hellwings
  A guardian mummy (Zot:2)
  A tengu conjurer (Depths:2)
  8 ice devils
  A merfolk (shapeshifter) (Vaults:5)
  A death drake zombie (Crypt:1)
  10 trolls
  A hydra zombie (Crypt:3)
  A troll (shapeshifter) (D:15)
  71 slime creatures
  23 hornets
  Grinder (D:5)
  8 tyrant leeches
  10 bog bodies
  A hydra skeleton (Crypt:3)
  6 wind drakes (WizLab)
  A harpy skeleton (Crypt:3)
  A raiju (Zot:1)
  A satyr zombie (Crypt:2)
  A hippogriff (shapeshifter) (Elf:2)
  27 blink frogs
  A stone giant simulacrum (Crypt:1)
  A meliai zombie (D:14)
  A dream sheep (Lair:6)
  5 hippogriffs
  An ettin skeleton (Crypt:3)
  16 flying skulls (D:15)
  10 spriggans
  A spriggan (shapeshifter) (Vaults:1)
  6 water elementals
  5 shadows
  26 yaks
  A ynoxinul (Orc:2)
  8 air elementals
  18 humans
  3 wyverns
  3 dire elephant simulacra (IceCv)
  2 basilisks (shapeshifter)
  3 basilisks
  8 fire elementals
  4 hogs (D:9)
  An alligator skeleton (Crypt:3)
  3 ushabtiu (Crypt:3)
  2 hungry ghosts
  22 vampire mosquitoes
  A neqoxec (Zot:1)
  A golden eye (shapeshifter) (Vaults:4)
  16 wraiths
  A chaos spawn (Orc:2)
  A monstrous demonspawn zombie (Crypt:1)
  A death yak simulacrum (IceCv)
  A warg (Orc:2)
  6 harpy simulacra (IceCv)
  An iron troll simulacrum (IceCv)
  6 acid dragons
  3 insubstantial wisps (Swamp:1)
  57 nagas
  15 swamp worms
  15 water moccasins
  A faun zombie (Crypt:1)
  2 hydra simulacra (IceCv)
  2 hell hounds (D:15)
  A two-headed ogre zombie (Crypt:2)
  A floating eye (shapeshifter) (Vaults:4)
  7 porcupines
  Duvessa (D:6)
  3 floating eyes
  2 monstrous demonspawn skeletons
  14 swamp drakes
  2 snapping turtle zombies (Crypt:3)
  38 orc warriors
  2 ice beasts
  A spiny frog skeleton (Crypt:3)
  2 black bears (shapeshifter)
  5 human zombies
  2 black bears (D:7)
  5 phantoms
  An eye of draining (D:11)
  2 sky beasts
  3 necrophages (Crypt:1)
  28 ogres
  10 boggarts
  A dream sheep zombie (Crypt:1)
  7 wolves (Lair:5)
  17 centaurs
  2 ettin simulacra
  14 crocodiles
  A manticore skeleton (Crypt:3)
  A big kobold (D:9)
  An elf skeleton (Crypt:2)
  A hippogriff zombie (Crypt:1)
  2 wyvern zombies
  19 bullfrogs
  3 earth elementals (Elf:3)
  A gnoll sergeant (D:6)
  Dowan (D:6)
  10 scorpions
  12 wyvern skeletons
  A yak zombie (Crypt:2)
  4 wights (D:14)
  A human simulacrum (Vaults:2)
  14 killer bees
  2 troll zombies
  3 howler monkeys (D:10)
  An electric eel (Lair:6)
  3 bullfrog zombies (D:6)
  6 crimson imps
  5 centaur zombies
  3 draconian simulacra (IceCv)
  2 lava snakes (Lair:6)
  2 quasits (Depths:1)
  2 jellies
  6 hounds
  18 orc priests
  An iron imp (Depths:2)
  2 bullfrog skeletons
  7 centaur skeletons
  6 iguanas
  16 human skeletons
  Natasha (thrice) (D:2)
  14 orc wizards
  10 worker ants
  2 polar bear simulacra (IceCv)
  A spriggan simulacrum (IceCv)
  A wolf simulacrum (IceCv)
  2 troll simulacra (IceCv)
  A big kobold zombie (Crypt:2)
  4 centaur simulacra (IceCv)
  5 ogre zombies (D:12)
  4 mummies (Crypt:1)
  2 worker ant zombies
  An ogre simulacrum (IceCv)
  13 adders
  5 gnolls (D:6)
  3 naga simulacra (IceCv)
  5 shadow imps
  9 white imps
  6 ufetubi
  3 oozes
  An adder zombie (D:6)
  An iguana skeleton (Crypt:1)
  4 worms
  2 barachi zombies (Crypt:1)
  6 dart slugs
  5 leopard geckos
  110 orcs
  9 bats
  5 giant cockroaches
  3 goblins
  5 hobgoblins
  25 jackals
  2 quokkas (D:4)
  3 ball pythons
  A ball python zombie (D:5)
  9 frilled lizards
  2 goblin skeletons (D:12)
  A goblin zombie (D:12)
  A hobgoblin skeleton (D:12)
  3 hobgoblin zombies (D:12)
  A jackal zombie (D:5)
  20 kobolds
  A kobold skeleton (Crypt:2)
  12 orc zombies (D:12)
  A quokka skeleton (D:5)
  7 rats
  3 briar patches (Swamp:3)
  A butterfly (Zot:1)
  30 fungi
  5 plants
  A withered plant (Crypt:3)
2724 creatures vanquished.

Vanquished Creatures (collateral kills)
  3 ancient liches (Zot:5)
  An electric golem (Zot:3)
  2 Orb Guardians (Zot:5)
  A deep elf blademaster (Elf:2)
  4 azure jellies (Slime:5)
  3 nagarajas (Snake:4)
  A stone giant (Depths:1)
  A very ugly thing (Depths:4)
  4 deep elf annihilators (Elf:3)
  A dire elephant (D:15)
  A death ooze (Slime:5)
  A deep elf high priest (Elf:3)
  4 vault guards (Vaults:5)
  A hydra (D:15)
  3 dancing weapons (Elf:2)
  An orc high priest (Orc:2)
  2 death yaks (Lair:2)
  2 naga sharpshooters (Snake:4)
  A deep elf knight (Elf:2)
  4 hell knights
  A swamp dragon (Lair:6)
  A deep elf archer (Elf:2)
  An orc knight (Orc:2)
  2 lindwurms (Snake:4)
  3 orc sorcerers
  A salamander (D:15)
  An ugly thing (D:11)
  A shining eye (Slime:5)
  A slime creature (D:15)
  3 moths of wrath (Zot:3)
  A naga mage (Snake:4)
  2 yaktaurs (Depths:4)
  A blink frog (Lair:1)
  A fire elemental (Elf:3)
  An ogre (Orc:1)
  3 orc warriors (Orc:1)
  A crocodile (Lair:6)
  A killer bee (D:8)
  2 orc priests
  An orc wizard (Orc:1)
  An adder zombie (D:8)
  10 orcs (Orc:1)
81 creatures vanquished.

Vanquished Creatures (others)
  A golden dragon (Zot:3)
  An electric golem (Zot:5)
  A white draconian (Zot:3)
  A deep elf knight (Elf:1)
  A tyrant leech (Swamp:2)
  An air elemental (WizLab)
  A harpy simulacrum (IceCv)
  An orc warrior (Vaults:5)
  An orc priest (Orc:2)
  An orc (Vaults:4)
  22 fungi
  24 plants
  3 withered plants
59 creatures vanquished.

Grand Total: 2864 creatures vanquished

Notes
Turn   | Place    | Note
-------+----------+-------------------------------------------
     0 | D:1      | stealthycow the Minotaur Berserker began the quest for the
                  | Orb.
     0 | D:1      | Reached XP level 1. HP: 19/19 MP: 0/0
    50 | D:1      | Reached XP level 2. HP: 20/27 MP: 1/1
   429 | D:1      | Reached XP level 3. HP: 27/33 MP: 2/2
   745 | D:1      | Reached ** piety under Trog
  1217 | D:2      | Noticed Natasha
  1223 | D:2      | Killed Natasha
  1223 | D:2      | Reached skill level 5 in Axes
  1223 | D:2      | Reached XP level 4. HP: 38/41 MP: 3/3
  1245 | D:2      | Noticed Natasha
  1260 | D:2      | Killed Natasha
  1461 | D:2      | Noticed Natasha
  1465 | D:2      | Killed Natasha
  1465 | D:2      | Reached XP level 5. HP: 47/47 MP: 4/4
  2153 | D:3      | Reached skill level 5 in Fighting
  2200 | D:3      | Reached *** piety under Trog
  2231 | D:3      | Reached XP level 6. HP: 56/56 MP: 5/5
  2328 | D:3      | Found a hazy altar of Hepliaklqana.
  2396 | D:3      | Found a basalt altar of Yredelemnul.
  3103 | D:4      | Reached skill level 5 in Armour
  3103 | D:4      | Reached XP level 7. HP: 55/62 MP: 6/6
  3406 | D:4      | Found an opulent altar of Gozag.
  3461 | D:5      | Entered Level 5 of the Dungeon
  3564 | D:5      | Found a runed translucent door.
  3578 | D:5      | Found a blossoming altar of Fedhas.
  3579 | D:5      | Noticed KarmaKiller's ghost (novice GrFi)
  3600 | D:5      | Found a white marble altar of Elyvilon.
  3733 | D:5      | Noticed Grinder
  3738 | D:5      | Reached **** piety under Trog
  3742 | D:5      | Killed Grinder
  3742 | D:5      | Reached XP level 8. HP: 71/71 MP: 7/7
  3942 | D:5      | Found a hide-covered altar of Uskayaw.
  4501 | D:6      | Found a staircase to the Ecumenical Temple.
  4567 | D:6      | Found an ornate altar of the Wu Jian Council.
  4652 | D:6      | Noticed Duvessa
  4652 | D:6      | Noticed Dowan
  4659 | D:6      | Killed Duvessa
  4664 | D:6      | Killed Dowan
  4664 | D:6      | Reached skill level 10 in Axes
  4773 | D:6      | Found an iron altar of Okawaru.
  4859 | D:6      | Reached XP level 9. HP: 81/81 MP: 8/8
  5245 | D:7      | Reached skill level 1 in Shields
  5509 | D:7      | Found a glowing silver altar of Zin.
  5573 | D:7      | Noticed a skeletal warrior
  5574 | D:7      | Noticed a skeletal warrior
  5576 | D:7      | Noticed a skeletal warrior
  5596 | D:7      | Killed a skeletal warrior
  5600 | D:7      | Killed a skeletal warrior
  5609 | D:7      | Killed a skeletal warrior
  5609 | D:7      | Reached skill level 5 in Shields
  5609 | D:7      | Reached XP level 10. HP: 91/91 MP: 9/9
  5676 | D:7      | Found a bloodstained altar of Trog.
  6028 | D:8      | Found a shattered altar of Ashenzari.
  6067 | D:8      | Got a jet-encrusted scale mail
  6146 | D:8      | Identified the +2 scale mail of the Planets {-Cast rElec
                  | rC++ Regen+} (You found it on level 8 of the Dungeon)
  6251 | D:8      | Found a staircase to the Lair.
  6740 | D:9      | Found a runed translucent door.
  6741 | D:9      | Noticed sangerfol's ghost (journeyman FoFi)
  7069 | D:9      | Noticed Erica
  7080 | D:9      | Killed Erica
  7511 | D:10     | Entered Level 10 of the Dungeon
  8318 | D:8      | Reached XP level 11. HP: 96/99 MP: 10/10
  8607 | D:11     | Noticed a cyan ugly thing
  8616 | D:11     | Killed a cyan ugly thing
  8616 | D:11     | Reached skill level 10 in Fighting
  9319 | Lair:1   | Entered Level 1 of the Lair of Beasts
  9576 | Lair:1   | Reached skill level 10 in Armour
  9681 | Lair:1   | Got a steaming brass ring
  9691 | Lair:1   | Identified the ring "Higiafadd" {+Inv rPois rN+ Int+4
                  | Dex+3} (You found it on level 1 of the Lair of Beasts)
  9763 | Lair:1   | Reached skill level 10 in Shields
  9929 | Lair:1   | Noticed a catoblepas
  9950 | Lair:1   | Killed a catoblepas
 10395 | Lair:2   | Noticed a death yak
 10411 | Lair:2   | Killed a death yak
 10411 | Lair:2   | Noticed a death yak
 10412 | Lair:2   | Noticed a death yak
 10414 | Lair:2   | Noticed a death yak
 10419 | Lair:2   | Killed a death yak
 10419 | Lair:2   | Reached XP level 12. HP: 96/108 MP: 11/11
 10425 | Lair:2   | Killed a death yak
 10427 | Lair:2   | Killed a death yak
 10512 | Lair:2   | Noticed a five-headed hydra
 10530 | Lair:2   | Killed a ten-headed hydra
 11494 | Lair:3   | Noticed a four-headed hydra
 11515 | Lair:3   | Killed a six-headed hydra
 11515 | Lair:3   | Reached skill level 15 in Axes
 11535 | Lair:3   | Noticed a five-headed hydra
 11550 | Lair:3   | Killed a five-headed hydra
 11628 | Lair:3   | Noticed a seven-headed hydra
 11639 | Lair:3   | Killed a seven-headed hydra
 11856 | Lair:3   | Found a staircase to the Snake Pit.
 12683 | Lair:4   | Found a staircase to the Swamp.
 12722 | Lair:4   | Reached XP level 13. HP: 114/117 MP: 12/12
 13117 | Lair:5   | Noticed Snorg
 13129 | Lair:5   | Killed Snorg
 13521 | Lair:5   | Reached ***** piety under Trog
 14197 | Lair:6   | Entered Level 6 of the Lair of Beasts
 14428 | Lair:6   | Received a gift from Trog
 14515 | Lair:6   | Got a wizard robe
 14794 | Lair:6   | Paralysed by a hornet for 2 turns
 15161 | Lair:6   | Found a staircase to the Slime Pits.
 15191 | Lair:6   | Received a gift from Trog
 15272 | Lair:6   | Reached XP level 14. HP: 127/127 MP: 13/13
 15699 | Lair:6   | Found a runed translucent door.
 16932 | D:12     | Found a staircase to the Orcish Mines.
 17041 | D:12     | Received a gift from Trog
 17125 | D:12     | Found a radiant altar of Vehumet.
 17151 | D:12     | Reached skill level 15 in Shields
 17595 | D:12     | Found a blossoming altar of Fedhas.
 18481 | Orc:1    | Entered Level 1 of the Orcish Mines
 18713 | Orc:2    | Entered Level 2 of the Orcish Mines
 18754 | Orc:1    | Found a roughly hewn altar of Beogh.
 19255 | Orc:2    | Found a staircase to the Elven Halls.
 19269 | Orc:2    | Found Vuthroil's Jewellery Boutique.
 19291 | Orc:2    | Found a radiant altar of Vehumet.
 19860 | Orc:2    | Received a gift from Trog
 19974 | Orc:2    | Found Ecwoiss's Distillery.
 19979 | Orc:2    | Found Domixir's Distillery.
 19991 | Orc:2    | Reached skill level 1 in Evocations
 20135 | Orc:2    | Bought a potion of heal wounds for 60 gold pieces
 20137 | Orc:2    | Bought a potion of heal wounds for 75 gold pieces
 20137 | Orc:2    | Bought a potion of heal wounds for 75 gold pieces
 20137 | Orc:2    | Bought a potion of heal wounds for 75 gold pieces
 20264 | Orc:2    | Gained mutation: Potions are less effective at restoring
                  | your health. [a neqoxec]
 20265 | Orc:2    | Gained mutation: You have a pair of large horns on your
                  | head. [a neqoxec]
 20474 | Orc:2    | Found Kiblom's Gadget Boutique.
 20474 | Orc:2    | Found a one-way gate leading to the halls of Pandemonium.
 20474 | Orc:2    | Found Lacvam's Antique Armour Shop.
 20623 | D:13     | Reached XP level 15. HP: 138/138 MP: 16/16
 21015 | D:13     | Found Setyjoxt's Weapon Shoppe.
 21018 | D:13     | You fall into a shaft and drop 1 floor!
 21052 | D:14     | You fall into a shaft and drop 1 floor!
 21052 | D:15     | Entered Level 15 of the Dungeon
 21330 | D:14     | Received a gift from Trog
 21447 | D:14     | Found a gate to the Vaults.
 21990 | D:14     | Found Ihecui's Antique Armour Shop.
 22091 | D:14     | You fall into a shaft and drop 1 floor!
 22096 | D:15     | Received a gift from Trog
 22221 | D:15     | Reached skill level 15 in Fighting
 22882 | D:13     | Got a sparkling bone amulet
 22884 | D:13     | Identified the amulet of Ruxasum {Spirit MR+++ MP-9 Slay+3}
                  | (You found it on level 13 of the Dungeon)
 22959 | D:13     | Reached XP level 16. HP: 149/149 MP: 9/18
 22960 | D:13     | Reached XP level 17. HP: 156/156 MP: 10/19
 23015 | D:13     | Received a gift from Trog
 23321 | D:14     | Bought a shiny plate armour for 624 gold pieces
 23321 | D:14     | Bought a runed plate armour for 624 gold pieces
 23552 | D:15     | Noticed Azrael
 23565 | D:15     | Killed Azrael
 23645 | D:15     | Found the +3 giant club "Skullcrusher" {speed, Str+7}
 23761 | D:15     | Found a staircase to the Depths.
 24092 | Elf:1    | Entered Level 1 of the Elven Halls
 24396 | Elf:1    | Found a runed translucent door.
 24400 | Elf:1    | Noticed Mentat's ghost (adept OpMo)
 24526 | Elf:1    | Reached XP level 18. HP: 162/166 MP: 11/20
 24565 | Elf:1    | Found a radiant altar of Vehumet.
 24645 | Elf:1    | You fall into a shaft and drop 1 floor!
 24735 | Elf:2    | Reached skill level 5 in Evocations
 24942 | Elf:2    | Found a huge runed translucent gate.
 24943 | Elf:2    | Found a huge runed translucent gate.
 24944 | Elf:2    | Found a huge runed translucent gate.
 24945 | Elf:2    | Found a huge runed translucent gate.
 24946 | Elf:2    | Found a huge runed translucent gate.
 24985 | Elf:2    | Reached ****** piety under Trog
 24989 | Elf:2    | Received a gift from Trog
 26426 | Elf:1    | Received a gift from Trog
 27030 | Elf:2    | Got an encrusted leather armour
 27316 | Elf:3    | Entered Level 3 of the Elven Halls
 27697 | Elf:3    | Received a gift from Trog
 27744 | Elf:3    | Identified the +5 short sword "Saoclas" {vamp, rC+ SInv}
 28104 | Elf:3    | Reached XP level 19. HP: 149/177 MP: 10/21
 28264 | Elf:3    | Reached XP level 20. HP: 185/185 MP: 13/22
 29139 | Elf:3    | Identified the +8 hand axe of the Stork {chop, +Blink Str-2
                  | Int+6 SInv}
 29181 | Elf:3    | Identified the cursed +0 chain mail "Vuen Megec" {Dex+2
                  | Slay+3}
 29392 | Elf:3    | Identified the amulet "Notia" {Spirit Str+3}
 29398 | Elf:3    | Identified the amulet of Xocut {RegenMP MR+ Int+3}
 29766 | Elf:3    | Found the +4 moon troll leather armour {Spirit, Regen++
                  | MP+5}
 29857 | Elf:3    | Got a heavily runed scale mail
 30330 | Swamp:1  | Entered Level 1 of the Swamp
 31371 | Swamp:1  | Received a gift from Trog
 31791 | Swamp:1  | Found a runed translucent gate.
 31791 | Swamp:1  | Found a runed translucent gate.
 31791 | Swamp:1  | Found a runed translucent gate.
 31791 | Swamp:1  | Noticed Nutaywnoga's ghost (journeyman MiBe)
 31791 | Swamp:1  | Noticed Gegef's ghost (adept GnSk)
 31792 | Swamp:1  | Noticed tbh1313's ghost (journeyman MiBe)
 31824 | Swamp:1  | Killed tbh1313's ghost
 31830 | Swamp:1  | Killed Gegef's ghost
 31835 | Swamp:1  | Killed Nutaywnoga's ghost
 31954 | Swamp:1  | Noticed Nikola
 31967 | Swamp:1  | Killed Nikola
 33210 | Swamp:3  | Found a frozen archway.
 33237 | IceCv    | Entered an ice cave
 34820 | Swamp:3  | Found a basalt altar of Yredelemnul.
 35086 | Swamp:4  | Entered Level 4 of the Swamp
 35122 | Swamp:4  | Identified a scroll of acquirement
 35167 | Swamp:4  | Received a gift from Trog
 35679 | Swamp:4  | Reached XP level 21. HP: 126/199 MP: 8/23
 36114 | Swamp:4  | Got a decaying rune of Zot
 36426 | Snake:1  | Entered Level 1 of the Snake Pit
 36672 | Snake:1  | Found Iwnem's Assorted Antiques.
 36674 | Snake:1  | Found Qazumeerr's Distillery.
 36676 | Snake:1  | Found Atir's General Store.
 36679 | Snake:1  | Found Hofustos's Jewellery Boutique.
 36697 | Snake:1  | Bought a potion of heal wounds for 130 gold pieces
 36700 | Snake:1  | Bought a potion of resistance for 100 gold pieces
 36700 | Snake:1  | Bought a potion of heal wounds for 50 gold pieces
 36700 | Snake:1  | Bought a potion of resistance for 100 gold pieces
 36700 | Snake:1  | Bought a potion of heal wounds for 50 gold pieces
 36700 | Snake:1  | Bought 2 potions of resistance for 200 gold pieces
 36870 | Snake:1  | Received a gift from Trog
 37511 | Snake:2  | Reached skill level 15 in Armour
 37776 | Snake:2  | Found Umuanwya's Jewellery Shoppe.
 37777 | Snake:2  | Found Nuarph Geiq's Gadget Boutique.
 37778 | Snake:2  | Found Vien Fue's Jewellery Shoppe.
 37792 | Snake:2  | Bought the ring of Dim Light {Wiz rElec rF+ Dex+2} for 662
                  | gold pieces
 37873 | Snake:2  | Received a gift from Trog
 39277 | Snake:4  | Entered Level 4 of the Snake Pit
 39335 | Snake:4  | Found Qatibid's Magic Scroll Shoppe.
 39335 | Snake:4  | Found Zuxacwao's Antique Weapon Emporium.
 39362 | Snake:4  | Bought a scroll of enchant armour for 135 gold pieces
 39362 | Snake:4  | Bought a scroll of enchant armour for 135 gold pieces
 39383 | Snake:4  | Received a gift from Trog
 39532 | Snake:4  | Found Baockaykh's General Store.
 39534 | Snake:4  | Noticed Agnes
 39548 | Snake:4  | Killed Agnes
 39562 | Snake:4  | Found the +10 large shield of Ignorance {rN+ Int-4}
 40422 | Snake:4  | Received a gift from Trog
 40905 | Snake:4  | Received a gift from Trog
 40939 | Snake:4  | Reached XP level 22. HP: 130/211 MP: 12/26
 41286 | Snake:4  | Got a serpentine rune of Zot
 41818 | Vaults:1 | Entered Level 1 of the Vaults
 42543 | Vaults:1 | Received a gift from Trog
 43350 | Vaults:2 | Received a gift from Trog
 44343 | Vaults:3 | Received a gift from Trog
 44507 | Vaults:3 | Found the +2 shield of Resistance {rF+ rC+ MR+}
 44515 | Vaults:3 | Got a pair of heavily runed boots
 44527 | Vaults:3 | Identified the +3 pair of boots of the Ecumenical Temple
                  | {*Corrode Str+9} (You acquired it on level 3 of the Vaults)
 44829 | Vaults:3 | Found a staircase to the Crypt.
 44829 | Vaults:3 | Found an ancient bone altar of Kikubaaqudgha.
 44830 | Vaults:3 | Found a basalt altar of Yredelemnul.
 45041 | Vaults:3 | Reached XP level 23. HP: 222/222 MP: 20/29
 45161 | Vaults:3 | Reached skill level 10 in Evocations
 45225 | Vaults:3 | Received a gift from Trog
 45291 | Vaults:4 | Found Ireorar's Armour Shoppe.
 45997 | Vaults:4 | Noticed Saint Roka
 46015 | Vaults:4 | Killed Saint Roka
 47573 | Depths:1 | Entered Level 1 of the Depths
 47583 | Depths:1 | Found Syceena's Superlative Supplies.
 47803 | Depths:1 | Found Romaebeb's Serpentskin Sales.
 47810 | Depths:1 | Received a gift from Trog
 47890 | Depths:1 | Found a gateway to Hell.
 48549 | Depths:2 | Paralysed by a floating eye for 2 turns
 48777 | Depths:2 | Found a shimmering altar of Xom.
 48875 | Depths:2 | Found an ornate altar of the Wu Jian Council.
 48891 | Depths:2 | Received a gift from Trog
 49033 | Depths:2 | Found Goige's Gadget Emporium.
 49033 | Depths:2 | Found Abetem's Weapon Shop.
 49033 | Depths:2 | Found Seczopp's Assorted Antiques.
 49033 | Depths:2 | Found Ileg's Assorted Antiques.
 49033 | Depths:2 | Noticed a juggernaut
 49047 | Depths:2 | Killed a juggernaut
 49056 | Depths:2 | Paralysed by a floating eye for 3 turns
 49305 | Depths:2 | Reached XP level 24. HP: 233/233 MP: 21/30
 49503 | Depths:2 | Found a sacrificial altar of Ru.
 49529 | Depths:2 | Reached XP level 25. HP: 238/240 MP: 21/30
 49640 | Depths:2 | Found a blossoming altar of Fedhas.
 49723 | Depths:2 | You fall into a shaft and drop 1 floor!
 49849 | Depths:2 | Found a shimmering blue altar of Sif Muna.
 49850 | Depths:2 | Identified the amulet "Gudaag" {RegenMP rC+ MR+}
 49877 | Depths:2 | Gained mutation: Your spells are a little easier to cast,
                  | but a little less powerful. [a neqoxec]
 52405 | Depths:1 | Bought a +5 ring of slaying for 1819 gold pieces
 52500 | Depths:3 | Received a gift from Trog
 53406 | Depths:4 | Found a one-way gate to the infinite horrors of the Abyss.
 53479 | Depths:4 | Found a gateway to a ziggurat.
 53591 | Depths:4 | Found a magical portal.
 53925 | WizLab   | Received a gift from Trog
 54026 | WizLab   | Identified the Tome of Feathers
 54033 | WizLab   | Identified the cursed +1 quick blade "Muquat" {freeze,
                  | rPois Int+3} (You found it in a wizard's laboratory)
 54223 | Depths:4 | Received a gift from Trog
 54929 | Depths:4 | Received a gift from Trog
 55203 | Depths:5 | Entered Level 5 of the Depths
 55209 | Depths:5 | Reached XP level 26. HP: 250/250 MP: 22/31
 55326 | Depths:5 | Found Jatattis's General Store.
 55637 | Depths:5 | Found a gate to the Realm of Zot.
 56370 | Vaults:5 | Entered Level 5 of the Vaults
 56395 | Vaults:5 | Received a gift from Trog
 56508 | Vaults:5 | Received a gift from Trog
 57163 | Vaults:5 | Got an ancient crystal plate armour
 57174 | Vaults:5 | Identified the +1 crystal plate armour of the Doldrums
                  | {rElec} (You acquired it on level 5 of the Vaults)
 57215 | Vaults:5 | Reached XP level 27. HP: 264/264 MP: 24/33
 57277 | Vaults:5 | Got a silver rune of Zot
 57472 | Vaults:5 | Identified the amulet "Qanirrig" {Faith rElec rN+ Str-2
                  | Slay+3}
 57514 | Vaults:5 | Got a slimy robe
 57529 | Vaults:5 | Identified the +1 mace "Lifebane" {freeze, +Inv +Fly rF-}
                  | (You found it on level 5 of the Vaults)
 58293 | Slime:1  | Entered Level 1 of the Pits of Slime
 58310 | Slime:1  | Reached skill level 27 in Armour
 58310 | Slime:1  | Reached skill level 15 in Evocations
 58316 | Slime:1  | Received a gift from Trog
 58441 | Slime:5  | Entered Level 5 of the Pits of Slime
 58489 | Slime:5  | Noticed the Royal Jelly
 58499 | Slime:5  | Killed the Royal Jelly
 58628 | Slime:5  | Got a slimy rune of Zot
 58654 | Slime:5  | Got a faintly glowing chain mail
 58729 | Slime:5  | Got a warped robe
 58769 | Slime:5  | Got a pair of encrusted boots
 58782 | Slime:5  | Identified the +0 pair of boots "Aleovyen" {*Corrode rPois
                  | rN+ MR++} (You acquired it on level 5 of the Pits of Slime)
 58948 | Slime:1  | Reached skill level 27 in Fighting
 59365 | Crypt:1  | Entered Level 1 of the Crypt
 59466 | Crypt:1  | Received a gift from Trog
 60167 | Crypt:2  | Found a shimmering altar of Xom.
 60546 | Crypt:2  | Paralysed by a floating eye for 3 turns
 60575 | Crypt:2  | Paralysed by a floating eye for 4 turns
 60580 | Crypt:2  | Found an ancient bone altar of Kikubaaqudgha.
 60602 | Crypt:2  | Got a scorched platinum ring
 60604 | Crypt:2  | Identified the ring of Wamecame {Ice Str+4} (You found it
                  | on level 2 of the Crypt)
 60794 | Crypt:3  | Entered Level 3 of the Crypt
 60817 | Crypt:3  | Received a gift from Trog
 61473 | Crypt:3  | Found a staircase to the Tomb.
 61524 | Crypt:3  | Received a gift from Trog
 62047 | Crypt:3  | Identified the +1 robe of the Bard {rN+}
 62056 | Crypt:3  | Noticed an ancient lich
 62073 | Crypt:3  | Killed an ancient lich
 62322 | Crypt:3  | Found an ancient bone altar of Kikubaaqudgha.
 63143 | Zot:1    | Entered Level 1 of the Realm of Zot
 63207 | Zot:1    | Noticed an orb of fire
 63228 | Zot:1    | Gained mutation: You have a beak for a mouth. [an orb of
                  | fire]
 63232 | Zot:1    | Killed an orb of fire
 63232 | Zot:1    | Received a gift from Trog
 63840 | Zot:1    | Reached skill level 5 in Dodging
 64079 | Zot:1    | Gained mutation: You are frail. (-10% HP) [mutagenic glow]
 64113 | Zot:1    | Received a gift from Trog
 66479 | Zot:2    | Reached skill level 10 in Dodging
 66842 | Zot:2    | Received a gift from Trog
 68650 | Zot:3    | Found a runed translucent gate.
 68651 | Zot:3    | Found a runed translucent gate.
 68652 | Zot:3    | Found a runed translucent gate.
 68653 | Zot:3    | Noticed Isojele's ghost (legendary HOFi)
 68654 | Zot:3    | Found the +7 lajatang of Order {silver, rMut}
 68725 | Zot:3    | Received a gift from Trog
 68915 | Zot:3    | You fall into a shaft and drop 1 floor!
 70092 | Zot:3    | Received a gift from Trog
 70098 | Zot:3    | Killed Isojele's ghost
 70158 | Zot:3    | Identified the +9 battleaxe "Luphog" {chop, *Rage MR+ Int+3
                  | Dex+4} (Trog gifted it to you on level 3 of the Realm of
                  | Zot)
 70196 | Zot:3    | Got a pair of transparent gloves
 70207 | Zot:3    | Identified the +2 pair of gloves "Qipsutt" {-Cast rF+ rCorr
                  | Dex+3} (You found it on level 3 of the Realm of Zot)
 70631 | Zot:4    | Reached skill level 15 in Dodging
 71064 | Zot:5    | Entered Level 5 of the Realm of Zot
 71087 | Zot:5    | Noticed an orb of fire
 71089 | Zot:5    | Gained mutation: Your body sometimes deteriorates upon
                  | taking damage. [an orb of fire]
 71101 | Zot:5    | Killed an orb of fire
 72082 | Zot:5    | Noticed an ancient lich
 72094 | Zot:5    | Noticed an orb of fire
 72104 | Zot:5    | Noticed an orb of fire
 72105 | Zot:5    | Killed an ancient lich
 72108 | Zot:5    | Killed an orb of fire
 72109 | Zot:5    | Gained mutation: Scrolls take you a little longer to read.
                  | [an orb of fire]
 72118 | Zot:5    | Killed an orb of fire
 72136 | Zot:5    | Noticed an orb of fire
 72154 | Zot:5    | Gained mutation: You are dopey. (Int -2) [an orb of fire]
 72155 | Zot:5    | Killed an orb of fire
 72447 | Zot:5    | Received a gift from Trog
 72454 | Zot:5    | Noticed an ancient lich
 72454 | Zot:5    | Noticed an ancient lich
 72456 | Zot:5    | Noticed an ancient lich
 72457 | Zot:5    | Noticed an ancient lich
 72460 | Zot:5    | Killed an ancient lich
 72483 | Zot:5    | Killed an ancient lich
 72489 | Zot:5    | Noticed an orb of fire
 72490 | Zot:5    | Gained mutation: Scrolls take you longer to read. [an orb
                  | of fire]
 72499 | Zot:5    | Killed an orb of fire
 72500 | Zot:5    | Noticed an ancient lich
 72505 | Zot:5    | Killed an ancient lich
 72525 | Zot:5    | Killed an ancient lich
 72531 | Zot:5    | Killed an ancient lich
 73165 | Zot:5    | Got the Orb of Zot
 73349 | Zot:1    | Gained mutation: You occasionally shout uncontrollably at
                  | your foes. [a neqoxec]
 73472 | Depths:4 | Noticed Saemien the pandemonium lord
 73493 | Depths:4 | Killed Saemien the pandemonium lord
 73701 | Depths:2 | Noticed Necwips the pandemonium lord
 74118 | D:$      | Escaped with the Orb!

Levels and vault maps discovered:
D:1:      wander_arrival_abandoned_jail, layout_basic
D:2:      layout_loops_cross, kennysheep_generic_room_7, uniq_natasha
D:3:      layout_loops_ring, nicolae_overflow_crystal_walls,
          yredelemnul_altar_generic
D:4:      layout_gridville, kennysheep_mini
D:5:      layout_rooms, nicolae_overflow_hidden_temple, ebering_ghost_sewer_d,
          first_ration, uniq_grinder
D:6:      layout_rooms, minmay_temple_entry_overgrown, basic_altar,
          kennysheep_okawaru_gauntlet, uniq_duvessa
D:7:      layout_gridville, trog_ov_bears_minmay, marbit_many_paths
D:8:      layout_loops_ring, ashenzari_conservatory_becter, dpeg_oklobed_lair
D:9:      layout_small_grid, ebering_ghost_inner_flame, grunt_livestock,
          uniq_erica
D:10:     layout_long_grid, corexii_leaking_fountain
D:11:     layout_loops_ring, abandoned_shop
D:12:     layout_loops_ring, zombieorc1_lemuel, basic_altar,
          fedhas_altar_fruit_tree
D:13:     layout_irregular_city, serial_shops, shop
D:14:     layout_loops_corners, grunt_vaults_entry_tiered, serial_shops,
          nicolae_shop_behind_doors, hangedman_abyss_or_decor_clamps,
          minmay_misc_feat_nine_boxes
D:15:     hangedman_depths_entry_try_elsewhere_first, layout_long_grid,
          chequers_decorated_corner, minmay_guarded_unrand_skullcrusher,
          uniq_azrael
Lair:1:   layout_gridlike, bh_autumn_forest_stairs,
          grunt_forest_large_clearing_hut
Lair:2:   layout_roguey, lemuel_fruit_fields, serial_bayou_shore_b
Lair:3:   layout_loops_ring, minmay_snake_entry_guardpost_medium,
          grunt_megastairs_1
Lair:4:   layout_regular_city, swamp_mist_pool, lemuel_old_faithful,
          grunt_megastairs_5
Lair:5:   layout_loops_ring, lemuel_fruit_tree, grunt_megastairs_4, uniq_snorg
Lair:6:   guppyfry_lair_end_dragon, layout_gridlike, wormcave, slime_dummy,
          hangedman_lair_generics_rect, serial_bayou_shore_a
Swamp:1:  layout_basic_swamp, gammafunk_ghost_cemetery,
          nicolae_swamp_round_clearing, infiniplex_staircase_pool_2, uniq_nikola
Swamp:2:  layout_falls_marsh, evilmike_swamp_ruin_rubble_1
Swamp:3:  layout_basic_swamp, portal_ice_cave_entry_pillars_1, basic_altar,
          swamp_pool2, nicolae_swamp_stair_fork, st_swamp_ruins_3,
          infiniplex_staircase_pool
Swamp:4:  swamp_basic_johnstein, layout_basic_swamp, swamp_pool1
Snake:1:  layout_misc_corridors, nicolae_snake_squiggles,
          minmay_shop_grid_forest, grunt_megastairs_3
Snake:2:  layout_rooms, hangedman_snake_corridor_cut, minmay_shop_grove
Snake:3:  layout_layer_cave, serial_bayou_crossing, grunt_megastairs_2
Snake:4:  snake_pit_salamanders_mu, layout_cave_town, serial_shops,
          nicolae_shop_waterfront, minmay_shoptagon, uniq_agnes
Slime:1:  layout_caves
Slime:2:  layout_caves, basic_altar
Slime:3:  cheibrodos_slime_lost_civilization_1, layout_caves
Slime:4:  layout_caves
Slime:5
Orc:1:    layout_caves, basic_altar
Orc:2:    pf_orc_diabolical, layout_caves, serial_shops, shop, basic_altar,
          minmay_orc_barracks
Elf:1:    elf_arrival_001, layout_loops_ring, basic_altar,
          gammafunk_ghost_grave, minivault_28, grunt_ministairs_3
Elf:2:    layout_onion_city, serial_sigils_hangedman_shear
Elf:3:    grunt_elf_hall_branching, layout_geoelf_diagonals
Vaults:1: ontoclasm_vaults_tryst, v_misc_19, vaults_room_fancy_cross,
          v_alt_pattern_3, nicolae_vaults_big_angled_halls,
          nicolae_vaults_shelves_hall, nicolae_vaults_network_periphery,
          nicolae_vaults_asterisk, v_rooms_6, v_pattern_5, v_misc_5,
          vaults_room_door_ring, grunt_vaults_funnel, v_misc_24,
          nicolae_vaults_murderbox, layout_vaults_omnibox
Vaults:2: hangedman_vaults_nails, v_misc_5, nicolae_vaults_sealed_display,
          v_rooms_6, hangedman_vaults_trim, vaults_room_octagon, st_lines,
          v_misc_13, dpeg_vaults_monster_row, ontoclasm_vaults_loading_screen,
          layout_vaults_maze_bifur
Vaults:3: minmay_crypt_entry_necro_gods, nicolae_vaults_puzzle_piece, v_misc_31,
          vaults_mumra_chevron, v_alt_pattern_3, ontoclasm_vaults_gateway,
          nicolae_vaults_big_angled_halls, nicolae_vaults_specimen_jars,
          v_misc_5, nicolae_vaults_little_squares_1, layout_vaults_ring
Vaults:4: v_alt_pattern_2, vaults_room_stairs_pillars,
          ontoclasm_vaults_claustrophobia, nicolae_vaults_rhombus_5,
          layout_vaults_quadrants, serial_shops,
          nicolae_shop_competitors_out_of_business, uniq_saint_roka
Vaults:5: serial_shops
Crypt:1:  layout_misc_corridors, grunt_crypt_arrival_guarded_gate,
          roderic_lattice_octagonal_star
Crypt:2:  cheibrodos_crypt_eye_of_stone, layout_regular_city, basic_altar
Crypt:3:  evilmike_haunted_forest
Depths:1: layout_basic, grunt_pan_entry_zigzag, grunt_decor_fettered,
          hell_entry, nicolae_alphabet_shops, minmay_misc_feat_iff,
          guppyfry_shop_venom, firewood_loft
Depths:2: hangedman_box_tower, layout_cave_shapes, grunt_hell_entry_dis_mu,
          hangedman_summoners_spam
Depths:3: hangedman_arch_fort, layout_long_grid, hell_entry,
          serial_sigils_hangedman_scratch, pan_entry,
          chequers_serial_rivers_room_b, serial_bayou_shore_b
Depths:4: cheibrodos_lost_city_excavation, layout_gridlike, enter_ziggurat_b,
          pf_hell_entry_tar_spiral, mu_enter_wizlab_7, rand_demon_pan_entry_7,
          abyss_entry_small_statue_room, serial_bayou_shore_b,
          infiniplex_staircase_pool_1, serial_bayou_shore_b
Depths:5: grunt_zot_entry_bicorn, layout_small_grid, serial_shops, shop,
          hangedman_coc_ice_floe
Zot:1:    hangedman_orp_of_zott, layout_misc_corridors,
          kennysheep_underground_church
Zot:2:    layout_onion_interference, hangedman_player_shredder
Zot:3:    layout_misc_corridors, gammafunk_ghost_tricky_traps
Zot:4:    layout_misc_corridors
Zot:5:    layout_twisted_circle

Skill      XL: |  1  2  3  4  5  6  7  8  9 10 11 12 13 14 15 16 17 18 19 20 21 22 23 24 25 26 27 |
---------------+----------------------------------------------------------------------------------+-----
Axes           | 4 5 6 7 8 10 11 13 14 15 17 18 | 18.0
Fighting       | 4 5 6 7 9 10 11 12 14 15 17 19 20 21 22 23 25 27 | 27.0
Armour         | 3 4 5 6 7 8 9 10 11 12 13 17 20 22 24 26 27 | 27.0
Shields        | 5 8 10 12 14 16 18 19 20 23 25 | 25.0
Dodging        | 4 19 | 19.3
Evocations     | 2 4 5 7 9 11 13 14 24 | 24.1

Action                   |  1- 3 |  4- 6 |  7- 9 | 10-12 | 13-15 | 16-18 | 19-21 | 22-24 | 25-27 || total
-------------------------+-------+-------+-------+-------+-------+-------+-------+-------+-------++-------
Melee: Hand axe          |    87 |   171 |   254 |   440 |       |       |       |       |       ||   952
       Headbutt          |    16 |    23 |    70 |   160 |   311 |    91 |   383 |   353 |   968 ||  2375
       War axe           |       |       |       |   216 |   684 |       |       |       |       ||   900
       Morningstar       |       |       |       |    15 |    34 |       |       |       |       ||    49
       Broad axe         |       |       |       |       |   443 |   474 |  1292 |   980 |  2543 ||  5732
       Demon trident     |       |       |       |       |       |       |    38 |       |       ||    38
       Peck              |       |       |       |       |       |       |       |       |   315 ||   315
Invok: Berserk           |       |     3 |     7 |    14 |    29 |     8 |     7 |     4 |    14 ||    86
       Trog's Hand       |       |     1 |     5 |    11 |     9 |     5 |     4 |     1 |    17 ||    53
       Brothers in Arms  |       |       |     1 |     5 |     5 |     7 |     7 |     3 |    15 ||    43
 Abil: Evoke Invisibilit |       |       |       |       |       |       |       |       |    12 ||    12
Evoke: Wand              |       |       |       |       |     1 |       |       |     1 |     3 ||     5
       Lamp of fire      |       |       |       |       |       |       |       |       |     1 ||     1
  Use: Scroll            |       |     5 |     8 |    12 |    16 |     5 |     9 |     4 |    29 ||    88
       Potion            |       |       |       |       |     1 |     3 |     5 |     1 |    23 ||    33
 Stab: Sleeping          |     1 |       |       |       |       |       |       |       |       ||     1
       Distracted        |       |       |     1 |       |       |     2 |     1 |     1 |     4 ||     9
       Confused          |       |       |       |       |     1 |       |     3 |       |       ||     4
       Petrified         |       |       |       |       |    13 |       |       |       |       ||    13
       Invisible         |       |       |       |       |       |       |       |       |    65 ||    65
  Eat: Chunk             |     1 |     9 |    15 |    23 |    48 |    15 |    24 |    25 |    37 ||   197
       Ration            |       |       |       |     6 |     5 |     4 |     9 |     2 |    22 ||    48
Armor: Animal skin       |    14 |       |       |       |       |       |       |       |       ||    14
       Chain mail        |     9 |    93 |    88 |    16 |       |       |       |       |       ||   206
       Scale mail        |       |       |       |    23 |       |       |       |       |       ||    23
       Plate armour      |       |       |       |   148 |   254 |   122 |   152 |       |       ||   676
       Crystal plate arm |       |       |       |       |       |       |   153 |   154 |   726 ||  1033
Dodge: Dodged            |    57 |    63 |   128 |   171 |   248 |    83 |   264 |    68 |   424 ||  1506
Block: Shield            |       |       |    24 |   368 |   310 |       |       |       |       ||   702
       Large shield      |       |       |       |       |   433 |   402 |  1406 |  1027 |  2773 ||  6041

Table legend:
 A = Non-vault XP
 B = Vault XP
 C = Vault XP percentage of total XP
 D = Non-vault monster count
 E = Vault monster count
 F = Vault count percentage of total count
                 A         B        C        D         E       F
            +---------+---------+-------+---------+---------+-------
      Total |  929575 |  963359 |  50.9 |    1639 |    1095 |  40.1
            +---------+---------+-------+---------+---------+-------
        D:1 |      77 |       0 |   0.0 |      39 |       0 |   0.0
        D:2 |     126 |      39 |  23.6 |      21 |       3 |  12.5
        D:3 |     234 |       0 |   0.0 |      26 |       0 |   0.0
        D:4 |     376 |       0 |   0.0 |      24 |       0 |   0.0
        D:5 |     435 |     281 |  39.2 |      26 |       1 |   3.7
        D:6 |    1201 |     223 |  15.7 |      34 |       2 |   5.6
        D:7 |    2472 |     338 |  12.0 |      23 |       3 |  11.5
        D:8 |    1182 |       0 |   0.0 |      22 |       0 |   0.0
        D:9 |     895 |    1922 |  68.2 |      18 |       6 |  25.0
       D:10 |    1181 |       0 |   0.0 |      14 |       0 |   0.0
       D:11 |    1817 |       0 |   0.0 |      20 |       0 |   0.0
       D:12 |    3350 |     634 |  15.9 |      28 |      28 |  50.0
       D:13 |   10707 |       0 |   0.0 |      37 |       0 |   0.0
       D:14 |   10924 |    8221 |  42.9 |      28 |      25 |  47.2
       D:15 |   10256 |    9464 |  48.0 |      23 |      29 |  55.8
     Lair:1 |    7283 |     756 |   9.4 |      32 |       3 |   8.6
     Lair:2 |    5241 |       0 |   0.0 |      13 |       0 |   0.0
     Lair:3 |    3107 |    3077 |  49.8 |       7 |      11 |  61.1
     Lair:4 |    5615 |    1156 |  17.1 |      18 |       3 |  14.3
     Lair:5 |    7123 |    2741 |  27.8 |      33 |       6 |  15.4
     Lair:6 |   13022 |   14056 |  51.9 |      40 |      41 |  50.6
    Swamp:1 |   13115 |    8528 |  39.4 |      34 |       4 |  10.5
    Swamp:2 |   11054 |       0 |   0.0 |      30 |       0 |   0.0
    Swamp:3 |   10867 |    4978 |  31.4 |      18 |       7 |  28.0
    Swamp:4 |    6992 |   18298 |  72.4 |      20 |      31 |  60.8
    Snake:1 |   16626 |    1829 |   9.9 |      34 |       2 |   5.6
    Snake:2 |   12911 |    3094 |  19.3 |      26 |      16 |  38.1
    Snake:3 |   24064 |    1261 |   5.0 |      41 |       2 |   4.7
    Snake:4 |   26069 |   48832 |  65.2 |      48 |      72 |  60.0
    Slime:1 |    8069 |       0 |   0.0 |      12 |       0 |   0.0
    Slime:2 |    5982 |       0 |   0.0 |      11 |       0 |   0.0
    Slime:3 |     253 |       0 |   0.0 |       1 |       0 |   0.0
    Slime:4 |    4314 |       0 |   0.0 |       6 |       0 |   0.0
    Slime:5 |    8430 |   22036 |  72.3 |      19 |      12 |  38.7
      Orc:1 |    2578 |       0 |   0.0 |      27 |       0 |   0.0
      Orc:2 |    2610 |   17397 |  87.0 |      21 |      76 |  78.4
      Elf:1 |   12298 |   12022 |  49.4 |      19 |      17 |  47.2
      Elf:2 |   23899 |   22091 |  48.0 |      35 |      29 |  45.3
      Elf:3 |   11133 |   45390 |  80.3 |      19 |      33 |  63.5
   Vaults:1 |   25064 |   15240 |  37.8 |      42 |      21 |  33.3
   Vaults:2 |   19868 |   13777 |  40.9 |      42 |      38 |  47.5
   Vaults:3 |   46006 |    6673 |  12.7 |      65 |      10 |  13.3
   Vaults:4 |   25256 |    6253 |  19.8 |      46 |      18 |  28.1
   Vaults:5 |   45488 |  129503 |  74.0 |      65 |      93 |  58.9
    Crypt:1 |   37421 |       0 |   0.0 |      60 |       0 |   0.0
    Crypt:2 |   19748 |   11742 |  37.3 |      27 |      10 |  27.0
    Crypt:3 |       0 |   64899 | 100.0 |       0 |      99 | 100.0
   Depths:1 |   17618 |    3759 |  17.6 |      22 |      13 |  37.1
   Depths:2 |   29442 |   95205 |  76.4 |      41 |      77 |  65.3
   Depths:3 |   34967 |   29060 |  45.4 |      46 |      20 |  30.3
   Depths:4 |   32822 |   12156 |  27.0 |      40 |      11 |  21.6
   Depths:5 |   22937 |   22664 |  49.7 |      25 |      15 |  37.5
      Zot:1 |   92786 |   44569 |  32.4 |      55 |      45 |  45.0
      Zot:2 |   47423 |   34727 |  42.3 |      29 |      18 |  38.3
      Zot:3 |   68360 |   24476 |  26.4 |      45 |      13 |  22.4
      Zot:4 |   30131 |       0 |   0.0 |      15 |       0 |   0.0
      Zot:5 |   46350 |  170724 |  78.6 |      27 |      43 |  61.4
      IceCv |       0 |    9851 | 100.0 |       0 |      59 | 100.0
     WizLab |       0 |   19417 | 100.0 |       0 |      30 | 100.0
            +---------+---------+-------+---------+---------+-------
